 Dungeon Crawl Stone Soup version 0.27.1-33-g824d729ab1 (webtiles) character file.

Game seed: 14108860033286616987

64 jlumianski the Skirmisher (level 4, -6/29 HPs)
             Began as a Gargoyle Monk on Dec 19, 2021.
             Killed from afar by Sigmund (13 damage)
             ... with a puff of flame
             ... on level 2 of the Dungeon.
             The game lasted 00:05:54 (1547 turns).

jlumianski the Skirmisher (Gargoyle Monk)           Turns: 1547, Time: 00:05:54

Health: -6/29      AC:  7    Str: 13 (16) XL:     4   Next: 12%
Magic:  4/4        EV: 11    Int:  7 (10) God:
Gold:   80         SH:  2    Dex:  9 (12) Spells: 3/3 levels left

rFire    . . .     SeeInvis .   i - +0 whip (elec)
rCold    . . .     Faith    .   j - +0 buckler
rNeg     + . .     Spirit   .   f - +0 leather armour
rPois    ∞         Reflect  .   (no helmet)
rElec    +         Harm     .   k - scarf {+Inv}
rCorr    .         Rampage  .   (no gloves)
Will     .....                  e - +0 pair of boots
Stlth    ++........             (no amulet)
HPRegen  0.09/turn              (no ring)
MPRegen  0.09/turn              (no ring)

@: no status effects
A: sickness immunity, AC +3, negative energy resistance 1, electricity
resistance, torment resistance 1, petrification resistance
a: Evoke Invisibility


You were on level 2 of the Dungeon.
You visited 1 branch of the dungeon, and saw 2 of its levels.

You collected 80 gold pieces.

Inventory:

Hand Weapons
 a - a +0 hand axe
 i - a +0 whip of electrocution (weapon)
Missiles
 n - 20 sling bullets
Armour
 b - a +0 robe
 e - a +0 pair of boots (worn)
 f - a +0 leather armour (worn)
 j - a +0 buckler (worn)
 k - a scarf of invisibility (worn)
Scrolls
 c - a scroll of magic mapping
 h - a scroll of identify {unknown}
 l - a scroll of noise {unknown}
 m - a scroll of silence {unknown}
Potions
 o - a potion of degeneration


   Skills:
 + Level 3.8 Fighting
 + Level 3.2 Axes
 + Level 0.9 Armour
 + Level 2.8 Dodging
 + Level 2.9 Stealth


You had 3 spell levels left.
You didn't know any spells.
Your spell library contained the following spells:

 Spells                   Type           Power      Damage    Failure   Level
 Gell's Gravitas          Tloc           0%         N/A       96%         3
 Lesser Beckoning         Tloc           0%         N/A       96%         3
 Teleport Other           Tloc           0%         N/A       96%         3


Dungeon Overview and Level Annotations

Branches:
Dungeon (2/15)

Altars:

Annotations:
D:2 Sigmund


Innate Abilities, Weirdness & Mutations

You are immune to sickness and miasma.
Your stone body is resilient. (AC +3)
You are immune to poison.
You resist negative energy. (rN+)
You are resistant to electric shocks. (rElec)
You are resistant to unholy torment.
You are immune to petrification.


Message History

Sigmund gestures at you while chanting. The magic dart hits you!
You hit Sigmund.
Sigmund is heavily wounded.
Sigmund closely misses you.
You hit Sigmund but do no damage.
Sigmund is heavily wounded.
Sigmund hits you but does no damage.
You closely miss Sigmund.
Sigmund is heavily wounded.
Sigmund hits you with a +1 scythe of protection.
You closely miss Sigmund.
Sigmund is heavily wounded.
You hit Sigmund.
Sigmund is severely wounded.
Sigmund points at you and mumbles some strange words.
You resist with some effort.
You barely miss Sigmund.
Sigmund is severely wounded.
Sigmund misses you.
You barely miss Sigmund.
Sigmund is severely wounded.
Sigmund barely misses you.
You hit Sigmund but do no damage.
Sigmund is severely wounded.
You barely miss Sigmund.
Sigmund is severely wounded.
Sigmund gestures wildly while chanting.
Sigmund flickers and vanishes!
Deactivating autopickup; reactivate with Ctrl-A.
Something hits you!
* * * LOW HITPOINT WARNING * * *
You barely miss something.
Blink to where?
Press: ? - help, Dir - move target
As you read the scroll labelled HOTOWA TUOC, it crumbles to dust.
It was a scroll of blinking.
A puff of flame appears from out of thin air!
The puff of flame hits you!
You die...

*,*,,,,,,,,,,,>* #.##.#..##.##.##
*,*,,,,,,,,,,,,* #.##.##.##.#<...
,,,,,,...#########.#............#
,,*,*,,..............######......
***,*###.[##...#...###≈≈≈≈###.÷..
,,,,,...(......+.÷###≈≈≈≈≈≈###.>#
*****#.##..#...##........≈≈.....#
#.#*#.#...##.........≈≈....#
######.###......@.....≈≈....≈...#
..............##....^≈..≈≈..≈...#
.......####{#.##.....≈....≈≈...)#
.......# #.#.##......≈≈⌠.......#
.......####.#.##.......⌠≈≈......#
............#.###...≈≈....≈.....#
..............# #..≈..≈≈..≈.....#
..............# #..≈....≈≈......#
..............# #...≈≈..........#


There were no monsters in sight!

Vanquished Creatures
  A gnoll (D:1)
  4 adders (D:2)
  2 ball pythons (D:1)
  3 endoplasms
  2 giant cockroaches (D:1)
  2 goblins (D:1)
  2 frilled lizards (D:1)
  A kobold (D:1)
  3 rats
20 creatures vanquished.

Notes
Turn   | Place    | Note
-------+----------+-------------------------------------------
     0 | D:1      | jlumianski the Gargoyle Monk began the quest for the Orb.
     0 | D:1      | Reached XP level 1. HP: 14/14 MP: 1/1
   279 | D:1      | Reached XP level 2. HP: 9/19 MP: 2/2
   974 | D:1      | Reached XP level 3. HP: 23/23 MP: 3/3
  1185 | D:2      | Noticed Sigmund
  1231 | D:2      | Reached XP level 4. HP: 24/29 MP: 4/4
  1514 | D:2      | Gained mutation: Your spells are a little easier to cast,
                  | but a little less powerful. [potion of mutation]
  1514 | D:2      | Lost mutation: Your spells are a little easier to cast, but
                  | a little less powerful. [potion of mutation]
  1547 | D:2      | Killed from afar by Sigmund

Illustrated notes

Levels and vault maps discovered:
D:1:      minmay_arrival_glassed_features, layout_rooms
D:2:      cheibrodos_helix_gallery, layout_basic, uniq_sigmund

Skill      XL: |  1  2 |
---------------+-------+-----
Axes           | 3 |  3.2
Fighting       | |  3.8
Armour         | |  0.9
Dodging        | |  2.8
Stealth        | |  2.9

Action                   |  1- 3 |  4- 6 || total
-------------------------+-------+-------++-------
Melee: Hand axe          |    35 |       ||    35
       Whip              |    19 |    12 ||    31
  Use: Scroll            |       |     2 ||     2
       Potion            |       |     2 ||     2
 Stab: Sleeping          |     3 |       ||     3
Armor: Robe              |     9 |       ||     9
       Leather armour    |     7 |     1 ||     8
Dodge: Dodged            |    25 |     6 ||    31
Block: Buckler           |     5 |       ||     5
